AoeStats
← 13645570128

Arena

509903581Analyzed
1v1 RM · 4d ago on Sep 28, 2026· 48m 47s· 2 players
Game mode
Random Map
Map size
Tiny (2 player)
Population
200
Speed
Normal
Resources
Standard
Victory
Conquest
Starting age
Dark Age
Ending age
Imperial Age
RankedLock teamsTeams togetherTeam positionsShared explorationLock speedFull tech treeHidden civsTurbo modeCheats
Victory
Defeat
🇭🇰 Mongols · Hong Kong SAR China
546
+15
🇵🇪 Mongols · Peru
522
-15
jlunamatos
1:55 Loom
2:38 Loom
9:36 Feudal Age
11:03 Wheelbarrow
10:17 Double-Bit Axe
13:54 Horse Collar
17:34 Gold Mining
20:39 Castle Age
18:42 Stone Mining
21:32 Fletching
22:05 Bow Saw
21:43 Town Watch
26:21 Hand Cart
33:26 Town Patrol
38:32 Imperial Age
36:46 Bloodlines
35:56 Light Cavalry
36:48 Squires
36:36 Arson
37:40 Husbandry
39:15 Forging
39:58 Stone Shaft Mining
38:56 Hussar
40:34 Elite Steppe Lancer
43:55 Conscription
45:33 Chemistry
44:37 Padded Archer Armor
45:01 Sappers
47:46 Hoardings
13645570128
10:32 Feudal Age
17:24 Castle Age
16:14 Stone Mining
17:38 Horse Collar
17:46 Double-Bit Axe
20:11 Husbandry
21:32 Heavy Plow
23:09 Bow Saw
24:24 Forging
24:41 Gold Mining
28:14 Stone Shaft Mining
29:11 Gold Shaft Mining
33:58 Imperial Age
31:18 Town Watch
32:27 Fletching
34:50 Wheelbarrow
34:23 Town Patrol
34:30 Bodkin Arrow
36:03 Chemistry
35:16 Squires
36:52 Conscription
36:46 Bloodlines
37:17 Hand Cart
38:10 Iron Casting
40:33 Ballistics
40:29 Elite Steppe Lancer
40:56 Elite Mangudai
42:59 Scale Barding Armor
46:37 Drill
Connection lost

Rejoining the realm…

Still unreachable

The connection could not be restored.

Session expired

The server has moved on; the page needs a fresh start.